 Dungeon Crawl Stone Soup version 0.31.0-1-g2c135a008e (webtiles) character file.

Game seed: 17652624039082186205

35 qw the Shooter (level 3, 0/29 HPs)
             Began as a Djinni Hunter on Jan 23, 2024.
             Slain by a jackal (2 damage)
             ... on level 1 of the Dungeon.
             The game lasted 00:00:02 (511 turns).

qw the Shooter (Djinni Hunter)                       Turns: 511, Time: 00:00:02

Health: 0/29       AC:  3    Str: 10    XL:     3   Next: 55%
Gold:   73         EV: 12    Int: 10    God:
                   SH:  0    Dex: 18

rFire   + + .        a - +0 shortbow
rCold   x . .        (shield currently unavailable)
rNeg    . . .        c - +0 leather armour
rPois   inf          (no helmet)
rElec   .            (no cloak)
rCorr   .            (no gloves)
SInv    .            (boots unavailable)
Will    .....        (no amulet)
Stlth   ++           (no ring)
HPRegen 0.24/turn    (no ring)
MPRegen 0.00/turn

%: infuse magic (-1 HP)
@: flying
A: sickness immunity, fire resistance 2, cold vulnerability 1, float, innate
caster, HP casting, extra vitality 1
a: no special abilities


You were on level 1 of the Dungeon.
You visited 1 branch of the dungeon, and saw 1 of its levels.

You collected 73 gold pieces.


Innate Abilities, Weirdness & Mutations

You are immune to sickness and miasma.
You are immune to poison.
Your flesh is very heat resistant. (rF++)
You are vulnerable to cold. (rC-)
You float through the air rather than walking.
You learn spells naturally, not from books.
Your magical power is your life essence.
You have superior vitality. (+4 MHP)


   Skills:
 + Level 2.5 Fighting
 - Level 4.0 Ranged Weapons
 - Level 2.1 Dodging
 - Level 0.7 Stealth


You knew the following spells:

 Your Spells              Type           Power      Damage    Failure   Level
a - Slow                  Hex            0%         N/A       45%         1
Your spell library was empty.

Inventory:

Hand Weapons
 a - a +0 shortbow (weapon)
Armour
 c - a +0 leather armour (worn)
Jewellery
 e - a +6 ring of strength
Scrolls
 b - a scroll of butterflies
 d - a scroll of teleportation {unknown}
 g - a scroll of enchant weapon {unknown}
Potions
 f - a potion of haste {unknown}

Dungeon Overview and Level Annotations

Branches:
Dungeon (1/15)

Altars:


Message History

The jackal bites you. x2; The jackal barely misses you.
The jackal closely misses you. x2
You shoot an arrow. The arrow barely misses the jackal.
The jackal closely misses you. The jackal barely misses you. x3
The jackal closely misses you.
You shoot an arrow. The arrow completely misses the jackal.
The jackal bites you. The jackal barely misses you.
The jackal closely misses you. x2; The jackal bites you.
The jackal closely misses you.
You shoot an arrow. The arrow barely misses the jackal.
The jackal closely misses you. The jackal bites you. x2
The jackal bites you but does no damage.
The jackal bites you.
You shoot an arrow. The arrow closely misses the jackal.
The jackal barely misses you. The jackal closely misses you. x3
You shoot an arrow. The arrow hits the jackal!
You kill the jackal!
The jackal bites you. The jackal closely misses you.
The jackal completely misses you. The jackal misses you.
You shoot an arrow. The arrow hits the jackal.
The jackal is moderately wounded.
The jackal misses you. The jackal bites you. The jackal misses you.
You shoot an arrow. The arrow barely misses the jackal.
The arrow hits the frilled lizard!
You kill the frilled lizard!
The jackal closely misses you.
The jackal bites you but does no damage.
The jackal bites you.
You shoot an arrow. The arrow closely misses the jackal.
The jackal bites you but does no damage.
The jackal barely misses you. The jackal bites you.
The jackal closely misses you.
You shoot an arrow. The arrow barely misses the jackal.
The jackal misses you. The jackal barely misses you. The jackal bites you.
The jackal barely misses you.
You shoot an arrow. The arrow hits the jackal.
You kill the jackal!
The jackal bites you but does no damage.
The jackal bites you.
You die...

...........##.........#
#########
.##.#####.###.........#
#........ #.........#
#.......) #.........#
#........ #.........#
#........ #.........#
#......%. #.........#
######### #.........#
#..h@%....# ####'######
#.# ..# ###


You could see a jackal.

Vanquished Creatures
  4 dart slugs (D:1)
  2 endoplasms (D:1)
  2 hobgoblins (D:1)
  3 jackals (D:1)
  A quokka (D:1)
  2 ball pythons (D:1)
  6 bats (D:1)
  3 frilled lizards (D:1)
  3 kobolds (D:1)
  2 rats (D:1)
28 creatures vanquished.

Notes
Turn   | Place    | Note
-------+----------+-------------------------------------------
     0 | D:1      | qw the Djinni Hunter began the quest for the Orb.
     0 | D:1      | Reached XP level 1. HP: 18/18 MP: 0/0
     0 | D:1      | 0 ||| qw: Version: 0.3-a-132-g3d54051
     0 | D:1      | 0 ||| qw: Game counter: 626
     0 | D:1      | 0 ||| qw: Melee chars always use a shield: true
     0 | D:1      | 0 ||| qw: God list: Okawaru
     0 | D:1      | 0 ||| qw: Allow faded altars: false
     0 | D:1      | 0 ||| qw: Do Orc after clearing Dungeon:15 true
     0 | D:1      | 0 ||| qw: Do second Lair branch before Depths: true
     0 | D:1      | 0 ||| qw: Lair rune preference: random
     0 | D:1      | 0 ||| qw: Goals: Normal
     0 | D:1      | 0 ||| PLANNING D:1-11
   109 | D:1      | Reached XP level 2. HP: 23/23 MP: 0/0
   210 | D:1      | Reached XP level 3. HP: 28/28 MP: 0/0
   210 | D:1      | Learned a level 1 spell: Slow
   258 | D:1      | Reached skill level 4 in Ranged Weapons
   507 | D:1      | HP: 7/29 [jackal (1)]
   510 | D:1      | HP: 2/29 [jackal (2)]
   511 | D:1      | Slain by a jackal

Levels and vault maps discovered:
D:1:      minmay_arrival_four_circles, layout_basic

Skill      XL: |  1  2  3 |
---------------+----------+-----
Ranged Weapons | 4 |  4.0
Fighting       | |  2.5
Dodging        | |  2.1
Stealth        | |  0.7

Action                     || total
---------------------------++-------
   Fire: Shortbow          ||    66
 Armour: Leather armour    ||    33
  Dodge: Dodged            ||    56

Table legend:
 A = Non-vault XP
 B = Vault XP
 C = Vault XP percentage of total XP
 D = Non-vault monster count
 E = Vault monster count
 F = Vault count percentage of total count
                 A         B        C        D         E       F
            +---------+---------+-------+---------+---------+-------
      Total |      53 |       0 |   0.0 |      28 |       0 |   0.0
            +---------+---------+-------+---------+---------+-------
        D:1 |      53 |       0 |   0.0 |      28 |       0 |   0.0
            +---------+---------+-------+---------+---------+-------
